 Dungeon Crawl Stone Soup version 0.29-a0-352-g0917bc69df (webtiles) character file.

Game seed: 8235453782140344567

1183 kevlar127 the Ruffian (level 8, 0/83 HPs)
             Began as a Troll Berserker on Apr 23, 2022.
             Was an Elder of Trog.
             Killed from afar by an orc wizard (5 damage)
             ... with a puff of flame
             ... on level 4 of the Dungeon.
             The game lasted 00:13:55 (3269 turns).

kevlar127 the Ruffian (Troll Berserker)             Turns: 3269, Time: 00:13:56

Health: 0/83       AC:  5    Str: 28    XL:     8   Next: 19%
Magic:  7/7        EV: 10    Int:  3    God:    Trog [****..]
Gold:   225        SH:  0    Dex:  9    Spells: 7/7 levels left

rFire   . . .      SeeInvis .     - Unarmed
rCold   . . .      Faith    .   (no shield)
rNeg    . . .      Spirit   .   r - +0 robe {Will+}
rPois   .          Reflect  .   (helmet restricted)
rElec   .          Harm     .   n - +0 cloak
rCorr   .          Rampage  .   (gloves unavailable)
Will    +....                   (boots unavailable)
Stlth   +.........              (no amulet)
HPRegen 1.03/turn               (no ring)
MPRegen 0.10/turn               (no ring)

@: on berserk cooldown, slowed, very slow
A: large, unfitting armour, claws 3, regeneration 1, shaggy fur 1, tough skin 1
a: Renounce Religion, Berserk, Trog's Hand, Brothers in Arms


You were on level 4 of the Dungeon.
You worshipped Trog.
Trog was greatly pleased with you.
You visited 1 branch of the dungeon, and saw 4 of its levels.
You also visited: Sewer.

You collected 225 gold pieces.

Inventory:

Missiles
 m - 30 stones (quivered)
 s - 11 poisoned darts
 t - 2 boomerangs
Armour
 a - a +0 animal skin
 n - a +0 cloak (worn)
 r - a +0 robe of willpower (worn)
Wands
 y - a wand of iceblast (9)
Scrolls
 c - a scroll of torment {unknown}
 d - 5 scrolls of identify {unknown}
 e - 2 scrolls of holy word {unknown}
 f - a scroll of enchant weapon {unknown}
 g - a scroll of summoning
 h - a scroll of fear {unknown}
 j - a scroll of enchant armour {unknown}
 k - a scroll of brand weapon {unknown}
 l - a scroll of magic mapping {unknown}
 x - a scroll of teleportation {unknown}
 E - a scroll of fog {unknown}
Potions
 b - 6 potions of curing {unknown}
 i - 3 potions of brilliance {unknown}
 o - a potion of attraction {unknown}
 p - a potion of degeneration {unknown}
 q - 2 potions of resistance {unknown}
 u - 2 potions of magic {unknown}
 v - a potion of might {unknown}
 w - 2 potions of haste {unknown}
 z - a potion of invisibility {unknown}
 A - a potion of cancellation {unknown}
 B - a potion of heal wounds {unknown}
 C - 2 potions of flight {unknown}
 D - a potion of lignification {unknown}


   Skills:
 + Level 5.9 Fighting
 + Level 3.0 Throwing
 - Level 2.4 Dodging
 + Level 7.1 Unarmed Combat


You had 7 spell levels left.
You didn't know any spells.
Your spell library was empty.

Dungeon Overview and Level Annotations

Branches:
Dungeon (4/15)              Sewer (visited)
 Temple: D:4-7

Altars:
Ru
Vehumet
Xom
The Shining One


Innate Abilities, Weirdness & Mutations

You are too large for most types of armour.
You have claws for hands.
Your natural rate of healing is unusually fast.
You are covered in fur. (AC +1)
You have tough skin. (AC +1)


Message History

You feel a strong urge to attack something.
You are no longer berserk.
You are exhausted.
You feel yourself slow down. The endoplasm attacks as you move away!
The endoplasm misses you.
Your skin stops crawling.
You feel less strong-willed. The hound bites you.
* * * LOW HITPOINT WARNING * * *
The hound closely misses you. The endoplasm closely misses you.
The hound bites you but does no damage. The endoplasm freezes you.
You are frozen.
* * * LOW HITPOINT WARNING * * *
The hound attacks as you move away! The hound bites you.
* * * LOW HITPOINT WARNING * * *
The hound barely misses you.
There is an open door here.
The hound barely misses you. The hound attacks as you move away!
The hound closely misses you. The hound bites you.
* * * LOW HITPOINT WARNING * * *
You claw the hound!
You kill the hound!
The hound's corpse dissolves into shadows!
The hound barely misses you.
You barely miss the hound. The hound barely misses you.
You barely miss the hound. The hound barely misses you. The hound bites you.
* * * LOW HITPOINT WARNING * * *
You claw the hound!
The hound is severely wounded.
The hound bites you.
* * * LOW HITPOINT WARNING * * *
The hound barely misses you.
The endoplasm jiggles.
You claw the hound!
You kill the hound!
The hound's corpse dissolves into shadows!
The orc wizard casts a spell at you. The puff of flame hits you.
You die...

###### #....# ##..#.#
##.....# #...._.#
############## ##
.##....#######..@.J.†........
###.)#.........###o###'###'#
# #.....##.###.#..#oo.))$.# #
#####.##.# #.#..#....)..# .#
.###.# #.+..'###'###'..'. #.#
)# #.# ###..#.+...+ #..#.
##...# #.# #..#.#...# ..#
.####### #.### +##+.#._.# #'.
........ .... .#...# #.#


You could see an orc wizard, 2 orcs and an endoplasm.

Vanquished Creatures
  Sigmund (D:3)
  An orc warrior (D:4)
  The ghost of Antichthon the Chopper, an amateur NaWr (D:3)
  An ogre (D:4)
  A phantom (D:4)
  A kobold brigand (D:3)
  2 necrophages (D:4)
  3 jellies (Sewer)
  An orc priest (D:3)
  Terence (D:3)
  4 orc wizards
  12 adders
  A river rat (Sewer)
  A worm (D:4)
  12 orcs
  12 ball pythons
  7 bats
  13 endoplasms
  20 giant cockroaches
  2 goblins
  7 hobgoblins
  6 kobolds
  7 quokkas
  8 frilled lizards
  7 rats
132 creatures vanquished.

Vanquished Creatures (others)
  A fungus (D:3)
  3 plants (D:3)
4 creatures vanquished.

Grand Total: 136 creatures vanquished

Notes
Turn   | Place    | Note
-------+----------+-------------------------------------------
     0 | D:1      | kevlar127 the Troll Berserker began the quest for the Orb.
     0 | D:1      | Reached XP level 1. HP: 22/22 MP: 0/0
   152 | D:1      | Reached XP level 2. HP: 29/29 MP: 1/1
   414 | D:1      | Found a faded altar of an unknown god.
   900 | D:2      | Reached XP level 3. HP: 32/37 MP: 2/2
   902 | D:2      | Reached ** piety under Trog
  1021 | D:2      | Reached skill level 4 in Unarmed Combat
  1070 | D:2      | Reached XP level 4. HP: 45/45 MP: 3/3
  1172 | D:2      | Found a shimmering altar of Xom.
  1645 | D:3      | Found a radiant altar of Vehumet.
  1666 | D:3      | Noticed Terence
  1672 | D:3      | Killed Terence
  1737 | D:3      | Reached XP level 5. HP: 33/54 MP: 4/4
  2295 | D:3      | Found a runed translucent gate.
  2296 | D:3      | Found a runed translucent gate.
  2296 | D:3      | Noticed Antichthon's ghost (amateur NaWr)
  2297 | D:3      | Found a runed translucent gate.
  2367 | D:3      | Found a glowing drain.
  2372 | D:3      | Reached *** piety under Trog
  2373 | D:3      | Reached skill level 5 in Unarmed Combat
  2389 | Sewer    | Entered a sewer
  2496 | Sewer    | Reached XP level 6. HP: 62/62 MP: 5/5
  2524 | Sewer    | Found a shimmering altar of Xom.
  2774 | D:3      | Noticed Sigmund
  2786 | D:3      | Killed Sigmund
  2787 | D:3      | Reached skill level 5 in Fighting
  2787 | D:3      | Reached skill level 6 in Unarmed Combat
  2787 | D:3      | Reached XP level 7. HP: 63/72 MP: 6/6
  2859 | D:3      | Killed Antichthon's ghost
  2860 | D:3      | Reached skill level 1 in Throwing
  2972 | D:4      | Reached **** piety under Trog
  3072 | D:4      | Reached XP level 8. HP: 75/83 MP: 7/7
  3190 | D:4      | Found a glowing golden altar of the Shining One.
  3241 | D:4      | Found a sacrificial altar of Ru.
  3245 | D:4      | Reached skill level 7 in Unarmed Combat
  3262 | D:4      | HP: 3/83 [hound[an orc] (3)]
  3268 | D:4      | HP: 4/83 [hound[an orc] (3)]
  3269 | D:4      | Killed from afar by an orc wizard

Illustrated notes

Levels and vault maps discovered:
D:1:      matt_arrival_spirals, layout_basic, basic_ecumenical_altar
D:2:      minmay_roachtagon, layout_loops_cross, basic_altar
D:3:      layout_loops_ring, vehumet_crystals, serial_glass, glass_columns_b,
          glass_columns_b, due_unseen_surprise, item_on_display_a,
          item_on_display_b, gammafunk_ghost_nasty_kobolds,
          gup_sewer_entry_pipe, wander_ebering_terrifying_dragon_lair,
          uniq_sigmund, uniq_terence
D:4:      layout_loops_ring, mainiacjoe_overflow_24_doors,
          mainiacjoe_overflow_tiny_flanked, slow_altar_2, minmay_checkerbox

Skill      XL: |  1  2  3  4  5  6  7  8 |
---------------+-------------------------+-----
Fighting       | 3 4 5 |  5.9
Unarmed Combat | 4 5 6 7 |  7.1
Throwing       | 2 3 |  3.0
Dodging        | |  2.4

Action                   |  1- 3 |  4- 6 |  7- 9 || total
-------------------------+-------+-------+-------++-------
Melee: Unarmed           |   104 |   143 |    88 ||   335
       Punch             |     1 |     1 |     1 ||     3
Invok: Trog's Hand       |       |     1 |     3 ||     4
       Berserk           |       |       |     1 ||     1
Armor: Animal skin       |    44 |     9 |       ||    53
       Robe              |       |    54 |    33 ||    87
Dodge: Dodged            |    62 |    84 |    62 ||   208

Table legend: (Time is in decaauts)
 A = Elapsed time spent in this place.
 B = Non-inter-level travel time spent in this place.
 C = Inter-level travel time spent in this place.
 D = Time resting spent in this place.
 E = Time spent auto-exploring this place.
 F = Levels seen in this place.
 G = Mean time per level.
                   A        B        C        D        E       F      G
               +--------+--------+--------+--------+--------+-----+--------+
         Total |   3277 |   2956 |    321 |     16 |   1933 |   5 |  655.4 |
       Dungeon |   3033 |   2712 |    321 |     16 |   1805 |   4 |  758.2 |
         Sewer |    243 |    243 |      0 |      0 |    127 |   1 |  243.0 |
               +--------+--------+--------+--------+--------+-----+--------+

Top non-repeatable levels by time:
     D:3: 1129 daAuts
     D:2: 825 daAuts
     D:1: 782 daAuts
     D:4: 296 daAuts
   Sewer: 243 daAuts
